TOP OF THE 1ST |
Little Caesars Hot N Readys batting - Pitching for Long Island Seawolves : RHP Jim Unknown
|
Pitching: RHP Jim Unknown
|
|
Batting: RHB Lorenzo Sabastro
|
0-0: Ball 1-0: Called Strike 1-1: Ball 2-1: Ground out 6-3 (Groundball, 6)
|
Batting: RHB Ulbert Sutkamp
|
0-0: Foul Ball, location: 2F 0-1: Ball 1-1: Fly out, F2 (Popup, 23F)
|
Batting: RHB Jim Unknown
|
0-0: Called Strike 0-1: Ground out 5-3 (Groundball, 5L)
|
Top of the 1st over - 0 run(s), 0 hit(s), 0 error(s), 0 left on base; Little Caesars 0 - Long Island 0 |
BOTTOM OF THE 1ST |
Long Island Seawolves batting - Pitching for Little Caesars Hot N Readys : RHP Javier Dávila
|
Pitching: RHP Javier Dávila
|
|
Batting: LHB Keith Alexander
|
0-0: Ball 1-0: Fly out, F7 (Flyball, 7M)
|
Batting: RHB Chris Wright
|
0-0: Ball 1-0: Ball 2-0: Called Strike 2-1: Fly out, F7 (Flyball, 78D)
|
Batting: RHB Jim Unknown
|
0-0: SINGLE (Groundball, 6D)
|
Batting: SHB Carroll Kline
|
0-0: Ball 1-0: Foul Ball, location: 2F 1-1: Fly out, F8 (Flyball, 8RM)
|
Bottom of the 1st over - 0 run(s), 1 hit(s), 0 error(s), 1 left on base; Little Caesars 0 - Long Island 0 |
TOP OF THE 2ND |
Little Caesars Hot N Readys batting - Pitching for Long Island Seawolves : RHP Jim Unknown
|
Batting: RHB Jeffery Campbell
|
0-0: Ground out 1-3 (Groundball, 23)
|
Batting: LHB Gustavo Cortéz
|
0-0: Swinging Strike 0-1: Foul Ball, location: 2F 0-2: Ball 1-2: Ball 2-2: Fly out, F7 (Flyball, 7S)
|
Batting: RHB Zong-yuan Fung
|
0-0: Ball 1-0: Foul Ball, location: 2F 1-1: Ground out 4-3 (Groundball, 4M)
|
Top of the 2nd over - 0 run(s), 0 hit(s), 0 error(s), 0 left on base; Little Caesars 0 - Long Island 0 |
BOTTOM OF THE 2ND |
Long Island Seawolves batting - Pitching for Little Caesars Hot N Readys : RHP Javier Dávila
|
Batting: RHB Francisco García
|
0-0: Ground out 6-3 (Groundball, 6M)
|
Batting: SHB Terry Conley
|
0-0: Ball 1-0: Ball 2-0: Ball 3-0: Called Strike 3-1: Foul Ball, location: 2F 3-2: Strikes out swinging
|
Batting: RHB David Morales
|
0-0: Swinging Strike 0-1: Ball 1-1: Fly out, F8 (Flyball, 8RXD)
|
Bottom of the 2nd over - 0 run(s), 0 hit(s), 0 error(s), 0 left on base; Little Caesars 0 - Long Island 0 |
TOP OF THE 3RD |
Little Caesars Hot N Readys batting - Pitching for Long Island Seawolves : RHP Jim Unknown
|
Batting: RHB Luis Aragón
|
0-0: Called Strike 0-1: Reached on error, E6 (Groundball, 6)
|
Batting: SHB Mike Barton
|
0-0: Ball 1-0: Ball 2-0: Foul Ball, location: 2F 2-1: Called Strike 2-2: Foul Ball, location: 2F 2-2: Ball 3-2: Fielders Choice at 2nd, 4-6 (Groundball, 34)
|
Batting: SHB Valentín Guzmán
|
0-0: Ball 1-0: Called Strike 1-1: Ball 2-1: Ball 3-1: Grounds into double play, 4-6-3 (Groundball, 4)
|
Top of the 3rd over - 0 run(s), 0 hit(s), 1 error(s), 0 left on base; Little Caesars 0 - Long Island 0 |
BOTTOM OF THE 3RD |
Long Island Seawolves batting - Pitching for Little Caesars Hot N Readys : RHP Javier Dávila
|
Batting: RHB Jim Unknown
|
0-0: Ball 1-0: Called Strike 1-1: Swinging Strike 1-2: Foul Ball, location: 2F 1-2: Ball 2-2: Strikes out swinging
|
Batting: RHB Jim Unknown
|
0-0: Called Strike 0-1: SINGLE (Line Drive, 4MD)
|
Batting: LHB Keith Alexander
|
0-0: Ball 1-0: Called Strike 1-1: Fielders Choice at 2nd, 4-6 (Groundball, 34)
|
Batting: RHB Chris Wright
|
0-0: Ball 1-0: Swinging Strike 1-1: Fielders Choice at 2nd, U6 (Groundball, 6M)
|
Bottom of the 3rd over - 0 run(s), 1 hit(s), 0 error(s), 1 left on base; Little Caesars 0 - Long Island 0 |
TOP OF THE 4TH |
Little Caesars Hot N Readys batting - Pitching for Long Island Seawolves : RHP Jim Unknown
|
Batting: RHB Lorenzo Sabastro
|
0-0: Fly out, F9 (Flyball, 9S)
|
Batting: RHB Ulbert Sutkamp
|
0-0: Ball 1-0: Called Strike 1-1: Ground out 6-3 (Groundball, 6)
|
Batting: RHB Jim Unknown
|
0-0: Ball 1-0: Ball 2-0: Called Strike 2-1: Ground out 6-3 (Groundball, 6)
|
Top of the 4th over - 0 run(s), 0 hit(s), 0 error(s), 0 left on base; Little Caesars 0 - Long Island 0 |
BOTTOM OF THE 4TH |
Long Island Seawolves batting - Pitching for Little Caesars Hot N Readys : RHP Javier Dávila
|
Batting: RHB Jim Unknown
|
0-0: Ball 1-0: Swinging Strike 1-1: Ball 2-1: Foul Ball, location: 2F 2-2: Ground out 1-3 (Groundball, 15S)
|
Batting: SHB Carroll Kline
|
0-0: Ball 1-0: Called Strike 1-1: Ball 2-1: Swinging Strike 2-2: Ball 3-2: Foul Ball, location: 2F 3-2: SINGLE (Flyball, 9LM)
|
Batting: RHB Francisco García
|
0-0: Called Strike 0-1: Ball 1-1: Swinging Strike 1-2: Ball 2-2: Ball 3-2: Foul Ball, location: 2F 3-2: Foul Ball, location: 2F 3-2: Base on Balls Carroll Kline to second
|
Batting: SHB Terry Conley
|
0-0: Grounds into double play, U4-3 (Groundball, 4)
|
Bottom of the 4th over - 0 run(s), 1 hit(s), 0 error(s), 1 left on base; Little Caesars 0 - Long Island 0 |
TOP OF THE 5TH |
Little Caesars Hot N Readys batting - Pitching for Long Island Seawolves : RHP Jim Unknown
|
Batting: RHB Jeffery Campbell
|
0-0: Ground out 6-3 (Groundball, 6)
|
Batting: LHB Gustavo Cortéz
|
0-0: Foul Ball, location: 2F 0-1: Ball 1-1: SINGLE (Line Drive, 56D)
|
Batting: RHB Zong-yuan Fung
|
0-0: Called Strike 0-1: SINGLE (Groundball, 4M) Gustavo Cortéz to second
|
Batting: RHB Luis Aragón
|
0-0: Ball 1-0: Swinging Strike 1-1: Grounds into double play, 1-6-3 (Groundball, 13)
|
Top of the 5th over - 0 run(s), 2 hit(s), 0 error(s), 1 left on base; Little Caesars 0 - Long Island 0 |
BOTTOM OF THE 5TH |
Long Island Seawolves batting - Pitching for Little Caesars Hot N Readys : RHP Javier Dávila
|
Batting: RHB David Morales
|
0-0: Ball 1-0: Ball 2-0: Ball 3-0: Called Strike 3-1: SINGLE (Groundball, 56D)
|
Batting: RHB Jim Unknown
|
0-0: Bunted foul 0-1: Sac Bunt - play at first, batter OUT! 3-4 David Morales to second
|
Batting: RHB Jim Unknown
|
0-0: Foul Ball, location: 2F 0-1: Ball 1-1: Foul Ball, location: 2F 1-2: Strikes out swinging
|
Batting: LHB Keith Alexander
|
0-0: Ball 1-0: SINGLE (Line Drive, 8LS) David Morales to third Runner from 3rd tries for Home, SAFE, no throw or cutoff
|
Batting: RHB Chris Wright
|
0-0: Ball 1-0: DOUBLE (Flyball, 78XD) Keith Alexander to third Runner from 3rd tries for Home, SAFE, no throw or cutoff
|
Batting: RHB Jim Unknown
|
0-0: SINGLE (Groundball, 4D) Chris Wright to third Runner from 3rd tries for Home, SAFE, no throw or cutoff
|
Batting: SHB Carroll Kline
|
0-0: Ball 1-0: Foul Ball, location: 2F 1-1: SINGLE (Groundball, 34D) Jim Unknown to second Runner from 2nd tries for 3rd, SAFE, throw made to third
|
Batting: RHB Francisco García
|
0-0: Ball 1-0: Foul Ball, location: 2F 1-1: Ball 2-1: Foul Ball, location: 2F 2-2: Ball 3-2: SINGLE (Groundball, 6MD) Jim Unknown scores Carroll Kline to second Carroll Kline to third
|
Batting: SHB Terry Conley
|
0-0: Called Strike 0-1: Swinging Strike 0-2: Ball 1-2: Foul Ball, location: 2F 1-2: SINGLE (Groundball, 56D) Carroll Kline scores Francisco García to second
|
Batting: RHB David Morales
|
0-0: SINGLE (Line Drive, 6MD) Francisco García to third Terry Conley to second Runner from 3rd tries for Home, SAFE, no throw or cutoff
|
Pitching: LHP Luis Luna
|
|
Batting: RHB Jim Unknown
|
0-0: Foul Ball, location: 2F 0-1: Foul Ball, location: 2F 0-2: Foul Ball, location: 2F 0-2: Ball 1-2: SINGLE (Groundball, 34D) Terry Conley to third David Morales to second Runner from 3rd tries for Home, SAFE, no throw or cutoff
|
Batting: RHB Jim Unknown
|
0-0: Called Strike 0-1: Ground out 6-3 (Groundball, 6)
|
Bottom of the 5th over - 7 run(s), 9 hit(s), 0 error(s), 2 left on base; Little Caesars 0 - Long Island 7 |
TOP OF THE 6TH |
Little Caesars Hot N Readys batting - Pitching for Long Island Seawolves : RHP Jim Unknown
|
Batting: SHB Mike Barton
|
0-0: Ball 1-0: Swinging Strike 1-1: Ground out 6-3 (Groundball, 6)
|
Batting: SHB Valentín Guzmán
|
0-0: Ball 1-0: SINGLE (Line Drive, 34)
|
Batting: RHB Lorenzo Sabastro
|
0-0: Called Strike 0-1: Fly out, F6 (Popup, 56)
|
Batting: RHB Ulbert Sutkamp
|
0-0: Called Strike 0-1: Swinging Strike 0-2: Ball 1-2: Fielders Choice at 2nd, U6 (Groundball, 6M)
|
Top of the 6th over - 0 run(s), 1 hit(s), 0 error(s), 1 left on base; Little Caesars 0 - Long Island 7 |
BOTTOM OF THE 6TH |
Long Island Seawolves batting - Pitching for Little Caesars Hot N Readys : LHP Luis Luna
|
Batting: LHB Keith Alexander
|
0-0: Fly out, F8 (Flyball, 8LM)
|
Batting: RHB Chris Wright
|
0-0: Ball 1-0: Called Strike 1-1: Ball 2-1: Foul Ball, location: 2F 2-2: Foul Ball, location: 2F 2-2: Ball 3-2: Ground out 6-3 (Groundball, 6)
|
Batting: RHB Jim Unknown
|
0-0: Ground out 5-3 (Groundball, 5S)
|
Bottom of the 6th over - 0 run(s), 0 hit(s), 0 error(s), 0 left on base; Little Caesars 0 - Long Island 7 |
TOP OF THE 7TH |
Little Caesars Hot N Readys batting - Pitching for Long Island Seawolves : RHP Jim Unknown
|
Batting: RHB Jim Unknown
|
0-0: Ball 1-0: Called Strike 1-1: Swinging Strike 1-2: Strikes out swinging
|
Batting: RHB Jeffery Campbell
|
0-0: Ball 1-0: Foul Ball, location: 2F 1-1: Called Strike 1-2: Ball 2-2: SINGLE (Groundball, 6MD)
|
Batting: LHB Gustavo Cortéz
|
0-0: Ball 1-0: Foul Ball, location: 2F 1-1: Swinging Strike 1-2: Strikes out swinging
|
Batting: RHB Zong-yuan Fung
|
0-0: Ball 1-0: Ball 2-0: Ball 3-0: Called Strike 3-1: Foul Ball, location: 2F 3-2: Strikes out swinging
|
Top of the 7th over - 0 run(s), 1 hit(s), 0 error(s), 1 left on base; Little Caesars 0 - Long Island 7 |
BOTTOM OF THE 7TH |
Long Island Seawolves batting - Pitching for Little Caesars Hot N Readys : LHP Luis Luna
|
Batting: SHB Carroll Kline
|
0-0: Ball 1-0: Ball 2-0: Ball 3-0: Called Strike 3-1: Called Strike 3-2: Base on Balls
|
Batting: RHB Francisco García
|
0-0: Foul Ball, location: 2F 0-1: Called Strike 0-2: Ball 1-2: Fly out, F8 (Flyball, 8RM)
|
Batting: SHB Terry Conley
|
0-0: Foul Ball, location: 2F 0-1: Ball 1-1: Ball 2-1: Grounds into double play, 5-4-3 (Groundball, 56)
|
Bottom of the 7th over - 0 run(s), 0 hit(s), 0 error(s), 0 left on base; Little Caesars 0 - Long Island 7 |
TOP OF THE 8TH |
Little Caesars Hot N Readys batting - Pitching for Long Island Seawolves : RHP Jim Unknown
|
Batting: RHB Luis Aragón
|
0-0: Ball 1-0: Ground out 5-3 (Groundball, 56)
|
Batting: SHB Mike Barton
|
0-0: Ball 1-0: Foul Ball, location: 2F 1-1: Fly out, F8 (Flyball, 8RM)
|
Batting: SHB Valentín Guzmán
|
0-0: Ball 1-0: Ball 2-0: Called Strike 2-1: Foul Ball, location: 2F 2-2: Ball 3-2: Fly out, F7 (Popup, 56D)
|
Top of the 8th over - 0 run(s), 0 hit(s), 0 error(s), 0 left on base; Little Caesars 0 - Long Island 7 |
BOTTOM OF THE 8TH |
Long Island Seawolves batting - Pitching for Little Caesars Hot N Readys : LHP Luis Luna
|
Batting: RHB David Morales
|
0-0: Called Strike 0-1: Ball 1-1: Called Strike 1-2: Strikes out looking
|
Batting: RHB Jim Unknown
|
0-0: Called Strike 0-1: Ball 1-1: SOLO HOME RUN (Flyball, 7LD), Distance : 333 ft
|
Batting: RHB Jim Unknown
|
0-0: Called Strike 0-1: Ball 1-1: Ball 2-1: Swinging Strike 2-2: SINGLE (Line Drive, 4D)
|
Batting: LHB Keith Alexander
|
0-0: Ball 1-0: Grounds into double play, 4-6-3 (Groundball, 4)
|
Bottom of the 8th over - 1 run(s), 2 hit(s), 0 error(s), 0 left on base; Little Caesars 0 - Long Island 8 |
TOP OF THE 9TH |
Little Caesars Hot N Readys batting - Pitching for Long Island Seawolves : RHP Jim Unknown
|
Batting: RHB Lorenzo Sabastro
|
0-0: Foul Ball, location: 2F 0-1: Ball 1-1: Ball 2-1: Called Strike 2-2: Ground out 5-3 (Groundball, 5)
|
Batting: RHB Ulbert Sutkamp
|
0-0: Ball 1-0: Called Strike 1-1: Swinging Strike 1-2: Ground out 1-3 (Groundball, 15S)
|
Batting: RHB Jim Unknown
|
0-0: Fly out, F3 (Popup, 3F)
|
Top of the 9th over - 0 run(s), 0 hit(s), 0 error(s), 0 left on base; Little Caesars 0 - Long Island 8 |
|